 Dungeon Crawl Stone Soup version 0.32-a0-643-ga006e7742e (webtiles) character file.

Game seed: 18229805776866719477

609 ezpacito the Trooper (level 7, -3/55 HPs)
             Began as a Coglin Chaos Knight on Mar 7, 2024.
             Was a Plaything of Xom.
             Slain by Dowan
             ... wielding a +4 dagger of chaos
              (5 damage)
             ... on level 4 of the Dungeon.
             The game lasted 00:04:15 (2626 turns).

ezpacito the Trooper (Coglin Chaos Knight)          Turns: 2626, Time: 00:04:16

Health: -3/55      AC:  6    Str: 13 (14) XL:     7   Next: 43%
Magic:  9/9        EV: 12    Int: 11      God:    Xom [......]
Gold:   197        SH:  0    Dex: 14      Spells: 9/9 levels left

rFire   . . .        a - +0 hand axe (chaos) {Conrad}
rCold   . . .        d - +0 dagger {Alejandra}
rNeg    . . .        b - +3 leather armour
rPois   .            (no helmet)
rElec   .            u - scarf {repulsion}
rCorr   .            (no gloves)
SInv    .            (no boots)
Will    .....        (amulet unavailable)
Stlth   +            (ring unavailable)
HPRegen 0.29/turn    (ring unavailable)
MPRegen 0.11/turn    (no gizmo)

%: repel missiles
@: lethally poisoned (-3 -> -9), lit by a corona, glowing, revving
A: off-hand wielding, slow wielding, warmup strikes, no jewellery
a: Invent Gizmo, Renounce Religion


You were on level 4 of the Dungeon.
You worshipped Xom.
You were a very special plaything of Xom.
You visited 1 branch of the dungeon, and saw 4 of its levels.

You collected 197 gold pieces.

Inventory:

Hand Weapons
 a - a +0 hand axe of chaos (weapon) {Conrad}
 d - a +0 dagger (offhand) {Alejandra}
Missiles
 i - 3 silver javelins (quivered)
 r - a throwing net
Armour
 b - a +3 leather armour (worn)
 u - a scarf of repulsion (worn)
 w - a +0 chain mail
Magical Staves
 h - a staff of death
 j - a staff of alchemy
Wands
 f - a wand of flame (11)
Scrolls
 e - a scroll of enchant armour
 k - a scroll of enchant weapon {unknown}
 l - a scroll of noise {unknown}
 s - a scroll of vulnerability {unknown}
Potions
 n - a potion of mutation
 o - a potion of lignification
 t - 2 potions of attraction
 v - a potion of brilliance {unknown}


   Skills:
 * Level 4.3 Fighting
 * Level 4.1(4.3) Axes
 + Level 1.4(2.8) Polearms
 * Level 3.1 Armour
 * Level 2.7 Dodging
 + Level 1.6 Stealth
 + Level 1.5 Spellcasting
 + Level 1.5 Necromancy
 + Level 1.3 Alchemy
 + Level 2.0 Evocations


You had 9 spell levels left.
You didn't know any spells.
Your spell library contained the following spells:

 Spells                   Type           Power      Damage    Failure   Level
 Blink                    Tloc           0%         N/A       52%         2
 Lesser Beckoning         Tloc           0%         N/A       52%         2
 Momentum Strike          Conj/Tloc      0%         3d8       52%         2
 Summon Forest            Summ/Tloc      0%         N/A       100%        5
 Summon Mana Viper        Hex/Summ       0%         N/A       100%        5
 Summon Cactus Giant      Summ           0%         N/A       100%        6


Dungeon Overview and Level Annotations

Branches:
Dungeon (4/15)
 Temple: D:4-7

Altars:
Fedhas
Hepliaklqana

Annotations:
D:4 Dowan


Innate Abilities, Weirdness & Mutations

You can wield a second weapon in your off-hand.
It takes a long time for you to wield or remove held weapons.
Your first few attacks do less damage.
You cannot equip rings or amulets.


Message History

You are electrocuted!!
* * * LOW HITPOINT WARNING * * *
You take 31 damage, and have 2/54 hp.
MASSIVE DAMAGE!!
Okay, then.
Okay, then.
Okay, then.
Okay, then.
As you read the scroll labelled DEGORR BIUT, it crumbles to dust.
You feel aware of your surroundings.
It was a scroll of revelation.
Dowan is no longer unusually resistant.
The phantom barely misses you. Duvessa hits you but does no damage.
Dowan gestures at you while chanting.
You are outlined in light.
You feel better.
Your butterfly disappears in a burst of colours!
You kill Duvessa!
Dowan seems overcome with grief.
Dowan seems to find hidden reserves of power!
Dowan hits you with a +4 dagger of chaos.
* * * LOW HITPOINT WARNING * * *
You are lethally poisoned!
The phantom hits you but does no damage.
Your Evocations skill increases to level 2!
You regained 3 hp, and now have 6/55 hp.
Okay, then.
Okay, then.
Okay, then.
As you read the scroll labelled INUWONG RACZYI, it crumbles to dust.
Your body is wracked with pain!
* * * LOW HITPOINT WARNING * * *
Dowan convulses!
It was a scroll of torment.
* * * LOW HITPOINT WARNING * * *
You feel sick.
Your butterfly disappears in a burst of colours!
Dowan shakes with grief.
Dowan closely misses you.
The phantom hits you but does no damage.
Dowan hits you with a +4 dagger of chaos.
You die...
Xom chortles!

~~~~~~P~~~~~♣...........#
~~~~≈≈~~~~~~~##)........#
~~~~~≈~P~~~~#...........#
~~~~~~~~~♣~##...........#
~~~~~~~*♣~###b..........####
~~~~~**♣♣.............####.#
*~~~~♣♣♣........#####.## #.#
,*~*♣♣....###b.b.......###.#
,,~*♣...........@e.....'...#
,....#..#######.)W...b.###.#
,...,#.................# #.#
,,,,.W.e.....b.........###.#
,,,...b........b..=..†.....#
,,###...........#####.####.#
,,,,............#####.## #.#
,,,.............#####.## #.#
,,*,**,,#########** #.####.#


You could see a phantom (corroded) and Dowan (fast).

Vanquished Creatures
  Sigmund (D:2)
  Duvessa (D:4)
  A phantom (D:4)
  A howler monkey (D:4)
  A sleepcap (D:4)
  Jessica (D:2)
  2 iguanas (D:4)
  3 adders
  4 dart slugs
  2 ribbon worms
  4 orcs (D:3)
  8 ball pythons
  A bat (D:1)
  13 endoplasms
  6 giant cockroaches
  6 goblins
  7 hobgoblins
  9 jackals
  2 quokkas
  3 frilled lizards
  5 kobolds
  4 rats
85 creatures vanquished.

Vanquished Creatures (collateral kills)
  An endoplasm (D:2)
1 creature vanquished.

Grand Total: 86 creatures vanquished

Notes
Turn   | Place    | Note
-------+----------+-------------------------------------------
     0 | D:1      | ezpacito the Coglin Chaos Knight began the quest for the
                  | Orb.
     0 | D:1      | Reached XP level 1. HP: 18/18 MP: 1/1
     8 | D:1      | Saving game... please wait.
   112 | D:1      | Reached skill level 1 in Dodging
   129 | D:1      | XOM: silly message
   133 | D:1      | Reached XP level 2. HP: 19/24 MP: 2/2
   471 | D:1      | Reached XP level 3. HP: 28/29 MP: 3/3
   842 | D:2      | Noticed Jessica
   851 | D:2      | Killed Jessica
   852 | D:2      | Reached XP level 4. HP: 28/35 MP: 3/5
   944 | D:2      | XOM: divination: magic mapping
   945 | D:2      | Found a hazy altar of Hepliaklqana.
   991 | D:2      | Noticed Sigmund
   994 | D:2      | XOM: potion effect (curing)
  1010 | D:2      | Killed Sigmund
  1011 | D:2      | Reached skill level 1 in Polearms
  1011 | D:2      | Reached skill level 1 in Stealth
  1011 | D:2      | Reached skill level 1 in Spellcasting
  1011 | D:2      | Reached skill level 1 in Necromancy
  1011 | D:2      | Reached skill level 1 in Evocations
  1011 | D:2      | Reached XP level 5. HP: 10/42 MP: 6/6
  1011 | D:2      | Reached XP level 6. HP: 12/48 MP: 7/7
  1224 | D:2      | You fall into a shaft and drop 1 floor!
  1683 | D:3      | Found a blossoming altar of Fedhas.
  2005 | D:3      | XOM: silly message
  2114 | D:4      | Reached skill level 1 in Alchemy
  2236 | D:4      | XOM: smoke on damage
  2398 | D:4      | Reached XP level 7. HP: 49/54 MP: 7/9
  2580 | D:4      | Noticed Dowan
  2581 | D:4      | Noticed Duvessa
  2591 | D:4      | XOM: blink monster(s)
  2605 | D:4      | XOM: stat loss: -1 Str (13/14)
  2618 | D:4      | XOM: chaos upgrade
  2623 | D:4      | HP: 2/54 [Dowan/+4 dagger of chaos (20)]
  2625 | D:4      | Killed Duvessa
  2626 | D:4      | Slain by Dowan

Illustrated notes

Levels and vault maps discovered:
D:1:      dpeg_arrival_prison, layout_loops_cross
D:2:      layout_rooms, basic_altar, kennysheep_generic_room_6, uniq_jessica,
          uniq_sigmund
D:3:      layout_rooms, mainiacjoe_overflow_cross_hatched
D:4:      layout_basic, serial_bayou_lagoon_b, uniq_duvessa

Skill      XL: |  1  2  3  4  5  6  7 |
---------------+----------------------+-----
Dodging        | 1 2 |  2.7
Armour         | 2 3 |  3.1
Polearms       | 1 |  1.4
Stealth        | 1 |  1.6
Spellcasting   | 1 |  1.5
Necromancy     | 1 |  1.5
Evocations     | 1 2 |  2.0
Fighting       | 4 |  4.3
Alchemy        | 1 |  1.3
Axes           | 4 |  4.1

Action                     |  1- 3 |  4- 6 |  7- 9 || total
---------------------------+-------+-------+-------++-------
  Melee: Hand axe          |    62 |   127 |    26 ||   215
         Dagger            |    60 |   116 |    28 ||   204
    Use: Potion            |     1 |     3 |     3 ||     7
         Scroll            |       |     3 |     4 ||     7
   Stab: Sleeping          |     2 |     2 |     1 ||     5
         Petrifying        |     1 |       |       ||     1
         Distracted        |       |     1 |       ||     1
 Armour: Leather armour    |    28 |    59 |    38 ||   125
         Skin              |     6 |     4 |       ||    10
  Dodge: Dodged            |    39 |    61 |    21 ||   121
         Repelled          |       |     1 |     1 ||     2

Table legend: (Time is in decaauts)
 A = Elapsed time spent in this place.
 B = Non-inter-level travel time spent in this place.
 C = Inter-level travel time spent in this place.
 D = Time resting spent in this place.
 E = Time spent auto-exploring this place.
 F = Levels seen in this place.
 G = Mean time per level.
                   A        B        C        D        E       F      G
               +--------+--------+--------+--------+--------+-----+--------+
         Total |   2638 |   2549 |     89 |     35 |   1899 |   4 |  659.5 |
       Dungeon |   2638 |   2549 |     89 |     35 |   1899 |   4 |  659.5 |
               +--------+--------+--------+--------+--------+-----+--------+

Top non-repeatable levels by time:
     D:1: 832 daAuts
     D:2: 703 daAuts
     D:4: 575 daAuts
     D:3: 527 daAuts
